 Dungeon Crawl Stone Soup version 0.28.0-53-g5a82cb258f (webtiles) character file.

Game seed: 2587002591188446979

106701 H0rd4k the Spry (level 16, -31/132 HPs)
             Began as a Human Artificer on June 1, 2022.
             Was an Initiate of Gozag.
             Killed from afar by a bog body (33 damage)
             ... with a bolt of cold
             ... on level 4 of the Swamp on June 2, 2022.
             The game lasted 01:31:45 (51428 turns).

H0rd4k the Spry (Human Artificer)                  Turns: 51428, Time: 01:31:46

Health: -31/132    AC: 16    Str: 19    XL:     16   Next: 99%
Magic:  2/30       EV: 19    Int: 22    God:    Gozag
Gold:   3358       SH:  0    Dex: 14    Spells: 20/35 levels left

rFire   + + +      SeeInvis .   x - +6 flail "Oreff" {flame, Str+3}
rCold   . . .      Faith    .   (no shield)
rNeg    . . .      Spirit   .   h - +3 leather armour {rF+}
rPois   +          Reflect  .   J - +2 hat {Int+3}
rElec   .          Harm     .   M - +0 cloak of Onwuach {rF+}
rCorr   .          Rampage  .   U - +3 Mad Mage's Maulers {Infuse+∞ RegenMP Int-3}
Will    +....                   m - +2 pair of boots
Stlth   +.........              D - amulet of magic regeneration
HPRegen 0.32/turn               G - +4 ring of slaying
MPRegen 1.02/turn               R - ring of Cozxe {rPois rF+ Int+6}

@: gold aura
A: no striking features
a: Renounce Religion, Potion Petition, Call Merchant, Bribe Branch


You were on level 4 of the Swamp.
You worshipped Gozag.
Gozag was most pleased with you.
You visited 5 branches of the dungeon, and saw 23 of its levels.
You also visited: Sewer and Volcano.

You collected 8677 gold pieces.
You spent 3824 gold pieces at shops.
You paid 1495 gold pieces to Gozag.

Inventory:

Hand Weapons
 d - a +3 shortbow of flaming
 k - the +7 spear of Gocliempu {flame, rN+ Int-3 SInv}
   (You bought it in a shop on level 2 of the Orcish Mines)

   It burns those it strikes, dealing additional fire damage.
   Int:       It affects your intelligence (-3).
   rN:        It protects you from negative energy.
   SInv:      It lets you see invisible.
 p - the +10 short sword of the Vase {venom, Contam Will+ rCorr}
   (You bought it in a shop on level 2 of the Orcish Mines)

   It poisons the flesh of those it strikes.
   Contam:    It causes magical contamination when unequipped.
   rCorr:     It protects you from acid and corrosion.
   Will:      It increases your willpower.
 x - the +6 flail "Oreff" (weapon) {flame, Str+3}
   (You found it on level 6 of the Lair of Beasts)

   It burns those it strikes, dealing additional fire damage.
   Str:       It affects your strength (+3).
Missiles
 W - 258 arrows
Armour
 c - the +0 pair of fencer's gloves {Riposte Dex+3}
   (You found it on level 3 of the Swamp)

   It allows the wearer to riposte with melee weapons, swiftly retaliating
   against missed attacks.
   Dex:       It affects your dexterity (+3).
 f - an orb of wrath
 h - a +3 leather armour of fire resistance (worn)
 m - a +2 pair of boots (worn)
 J - a +2 hat of intelligence (worn)
 M - the +0 cloak of Onwuach (worn) {rF+}
   (You bought it in a shop on level 1 of the Orcish Mines)

   rF:        It protects you from fire.
 U - the +3 Mad Mage's Maulers (worn) {Infuse+∞ RegenMP Int-3}
   (You bought it in a shop on level 10 of the Dungeon)

   It empowers its wearer's blows with all of their magic.
   It causes its wearer's magical reserves to regenerate more quickly.
   Int:       It affects your intelligence (-3).
Magical Staves
 y - a staff of earth
Jewellery
 s - a ring of protection from fire
 w - an amulet of guardian spirit
 D - an amulet of magic regeneration (around neck)
 G - a +4 ring of slaying (left hand)
 R - the ring of Cozxe (right hand) {rPois rF+ Int+6}
   (You bought it in a shop on level 10 of the Dungeon)

   [ring of intelligence]

   Int:       It affects your intelligence (+6).
   rF:        It protects you from fire.
   rPois:     It protects you from poison.
Wands
 b - a wand of charming (3)
 H - a wand of acid (7)
 I - a wand of digging (8)
Scrolls
 l - 2 scrolls of amnesia
 n - a scroll of fog
 u - 4 scrolls of fear
 v - a scroll of silence
 B - 7 scrolls of teleportation
 C - 2 scrolls of enchant weapon
 L - 6 scrolls of magic mapping
 X - 2 scrolls of enchant armour
 Y - a scroll of holy word
Potions
 g - 2 potions of haste
 i - a potion of berserk rage
 j - 7 potions of curing
 o - 3 potions of magic {unknown}
 z - 3 potions of degeneration {unknown}
 A - a potion of resistance
 E - a potion of cancellation {unknown}
 F - 3 potions of might {unknown}
 K - a potion of ambrosia {unknown}
 P - 2 potions of brilliance
 Q - 2 potions of flight {unknown}
 S - 6 potions of mutation
 T - 3 potions of invisibility
Miscellaneous
 a - a condenser vane
 e - a piece from Xom's chessboard (15/15)
 r - a phial of floods
 t - a box of beasts (inert)
 Z - a box of beasts (inert)


   Skills:
 + Level 13.7 Fighting
 + Level 14.8 Maces & Flails
 - Level 2.0 Armour
 + Level 15.2 Dodging
 - Level 1.0 Stealth
 * Level 10.3 Spellcasting
 + Level 3.0 Translocations
 * Level 5.6 Transmutations
 * Level 4.8 Earth Magic
 + Level 11.5 Evocations


You had 20 spell levels left.
You knew the following spells:

 Your Spells              Type           Power      Damage    Failure   Level
a - Spider Form           Tmut/Pois      23%        N/A       7%          3
b - Gell's Gravitas       Tloc           24%        N/A       6%          3
c - Teleport Other        Tloc           24%        N/A       6%          3
d - Statue Form           Tmut/Erth      22%        N/A       77%         6

Your spell library contained the following spells:

 Spells                   Type           Power      Damage    Failure   Level
 Beastly Appendage        Tmut           72%        N/A       1%          1
 Passwall                 Tmut/Erth      28%        N/A       1%          2
 Wereblood                Tmut           36%        N/A       1%          2
 Lesser Beckoning         Tloc           24%        N/A       6%          3
 Foxfire                  Conj/Fire      44%        2x1d6     7%          1
 Magic Dart               Conj           44%        1d5       7%          1
 Shock                    Conj/Air       44%        1d5       7%          1
 Ensorcelled Hibernation  Hex/Ice        22%        N/A       11%         2
 Searing Ray              Conj           22%        2d5       11%         2
 Conjure Flame            Conj/Fire      11%        6-21      21%         3
 Frozen Ramparts          Ice            22%        1d4       21%         3
 Inner Flame              Hex/Fire       11%        N/A       21%         3
 Mephitic Cloud           Conj/Pois/Air  11%        N/A       21%         3
 Ozocubu's Armour         Ice            11%        N/A       21%         3
 Summon Guardian Golem    Hex/Summ       11%        N/A       21%         3
 Swiftness                Air            11%        N/A       21%         3
 Ice Form                 Ice/Tmut       23%        N/A       22%         4
 Leda's Liquefaction      Hex/Erth       10%        N/A       26%         4
 Lee's Rapid Deconstruct  Erth           16%        3d11*     26%         5
 Airstrike                Air            5%         N/A       56%         4
 Flame Wave               Conj/Fire      11%        2d5       56%         4
 Fulminant Prism          Conj/Hex       5%         3d7       56%         4
 Summon Ice Beast         Ice/Summ       11%        N/A       56%         4
 Metabolic Englaciation   Hex/Ice        5%         N/A       88%         5
 Simulacrum               Ice/Necr       5%         N/A       100%        6
 Monstrous Menagerie      Summ           5%         N/A       100%        7
 Discord                  Hex            5%         N/A       100%        8
 Dragon's Call            Summ           5%         N/A       100%        9


Dungeon Overview and Level Annotations

Branches:
Dungeon (10/15)            Temple (1/1) D:4            Lair (6/6) D:10
  Swamp (4/4) Lair:3        Snake (0/4) Lair:4        Slime (0/5) Lair:6
    Orc (2/2) D:10            Elf (0/3) Orc:2         Sewer (visited)
Volcano (visited)

Altars:
Cheibriados
Dithmenos
Elyvilon
Fedhas
Gozag
Hepliaklqana
Kikubaaqudgha
Makhleb
Nemelex Xobeh
Okawaru
Ru
Uskayaw
Yredelemnul
Zin
Beogh
Jiyva

Shops:
D:2 *   D:4 *   D:6 :   D:10 [=   Orc:1 [   Orc:2 *(*?

Annotations:
D:3 exclusion: downstairs
D:9 exclusion: 2 downstairs
Lair:2 exclusion: downstairs
Lair:5 exclusion: upstairs
Swamp:3 exclusion: 2 downstairs


Message History

The alligator completely misses you. The alligator closely misses you.
The bog body casts a spell at you. The bolt of cold hits you.
You hit the alligator. You burn the alligator.
The alligator is moderately wounded.
The alligator bites you!
The alligator tail-slaps you but does no damage.
The bog body casts a spell at you. The bolt of cold hits you!
You completely miss the alligator.
The alligator is moderately wounded.
The alligator bites you! The alligator misses you.
Unknown command.
You sock the alligator! You burn the alligator.
You punch the alligator, but do no damage.
The alligator is heavily wounded.
The alligator bites you!
* * * LOW HITPOINT WARNING * * *
The alligator misses you.
Unknown command.
You sock the alligator! You burn the alligator.
The alligator is severely wounded.
The alligator misses you. The alligator tail-slaps you!
* * * LOW HITPOINT WARNING * * *
Unknown command.
You barely miss the alligator.
The alligator is severely wounded.
The alligator bites you!
* * * LOW HITPOINT WARNING * * *
The alligator completely misses you.
Unknown command.
You closely miss the alligator.
The alligator is heavily wounded.
The alligator bites you!
* * * LOW HITPOINT WARNING * * *
The alligator tail-slaps you but does no damage.
The bog body casts a spell at you. The bolt of cold hits you!!
You die...
Your body crumbles into a pile of gold.

♣≈≈♣♣♣♣♣♣§♣♣♣♣♣§♣♣
♣♣.§≈≈.≈.≈≈..♣≈≈.♣
♣♣≈.≈§≈≈≈≈≈≈...≈.♣♣♣
♣≈≈.≈≈≈≈≈≈≈..≈≈≈..≈♣
♣♣♣≈..≈≈≈≈.♣<≈≈≈.≈≈♣♣ ♣
♣♣♣......♣.≈≈.≈§.≈♣♣
♣♣.♣ ♣..♣♣≈♣♣.≈≈≈♣..≈.♣
.♣.≈n.♣♣≈≈≈≈.♣♣...♣♣.≈♣≈
♣≈≈≈≈≈$@♣≈≈≈≈♣♣♣≈♣♣♣♣♣♣§
♣.♣§...t♣.≈≈≈♣ ♣♣♣ ♣..
≈.≈≈♣♣♣w....≈♣ ♣♣≈ ♣.≈
≈...≈≈.♣ ♣§ ♣ ≈≈.≈≈≈.♣
♣≈ ≈≈≈≈≈≈≈.♣ ♣♣
≈≈≈≈≈≈≈≈♣ ♣ ≈≈§≈≈§≈≈.≈


You could see an alligator, a tyrant leech and a bog body.

Vanquished Creatures
  Nikola (Swamp:3)
  Gastronok (Orc:1)
  5 eleionomae
  2 bunyips
  An ettin (Orc:2)
  Snorg (Orc:1)
  A fire dragon (Lair:6)
  2 shambling mangroves (Swamp:4)
  Fannar (Orc:1)
  A boulder beetle (Lair:4)
  A ghost crab (Swamp:4)
  17 hydras
  2 catoblepae
  8 two-headed ogres
  9 alligators
  A death yak (Lair:2)
  5 orc high priests (Orc:2)
  3 hell hogs (Volcano)
  6 spriggans
  Sonja (Lair:2)
  3 goliath frogs
  5 swamp dragons
  A spriggan druid (Swamp:1)
  Pikel (D:7)
  7 bog bodies
  A lindwurm (Lair:6)
  An orc sorcerer (Orc:2)
  A cyclops (D:8)
  2 will-o-the-wisps
  A moth of wrath (Swamp:3)
  9 elephants
  2 manticores
  18 black mambas
  Maggie (D:10)
  10 cane toads
  2 molten gargoyles (Lair:6)
  Psyche (D:8)
  6 rime drakes
  A tengu conjurer (D:10)
  12 komodo dragons
  3 trolls
  6 polar bears
  A bloated husk (Swamp:4)
  9 hornets
  11 tyrant leeches
  6 dream sheep (Lair:6)
  4 blink frogs
  2 shadows
  9 wyverns
  37 yaks
  A steam dragon (D:4)
  4 fire bats
  5 basilisks
  11 wargs
  Menkaure (D:5)
  14 swamp worms
  An acid dragon (D:8)
  16 water moccasins
  4 hell hounds (Lair:6)
  22 orc warriors
  6 swamp drakes
  3 ice beasts
  3 necrophages
  3 sky beasts
  7 ogres
  11 wolves
  4 centaurs
  2 phantoms (D:6)
  Blork the orc (D:3)
  2 kobold brigands
  An earth elemental (Swamp:4)
  21 bullfrogs
  2 gnoll sergeants (D:9)
  A wyvern zombie (D:6)
  2 scorpions
  A wyvern skeleton (D:6)
  2 water moccasin skeletons
  12 killer bees
  3 wights (D:9)
  An electric eel (Orc:1)
  A howler monkey (D:10)
  4 lava snakes (Lair:6)
  2 centaur zombies (D:10)
  A bullfrog skeleton (D:6)
  23 orc priests
  4 hounds
  Jessica (D:2)
  25 orc wizards
  6 hell rats
  A killer bee zombie (D:7)
  A howler monkey zombie (D:10)
  Robin (D:3)
  22 gnolls
  7 adders
  2 shadow imps
  2 white imps (D:7)
  An adder skeleton (D:4)
  A worm (D:4)
  3 dart slugs
  67 orcs
  7 ball pythons
  6 bats
  4 endoplasms
  10 giant cockroaches
  9 goblins
  10 hobgoblins
  3 jackals (D:4)
  13 kobolds
  4 quokkas
  10 frilled lizards
  9 rats
669 creatures vanquished.

Vanquished Creatures (collateral kills)
  Mara (Swamp:3)
  A hydra (Swamp:4)
  A phantom (D:5)
  An iguana (D:4)
  Terence (D:3)
  A gnoll (D:2)
  2 orcs (D:5)
  A bat (D:2)
  2 hobgoblins (D:3)
  8 goblins
19 creatures vanquished.

Vanquished Creatures (others)
  A two-headed ogre (Volcano)
  A cane toad (Lair:2)
  3 bloated husks
  Edmund (D:4)
  A centaur (Volcano)
  2 orc priests
  4 gnolls
  4 orcs (D:4)
  A bush (D:10)
  16 foxfires
  40 fungi
  83 plants
157 creatures vanquished.

Grand Total: 845 creatures vanquished

Notes
Turn   | Place    | Note
-------+----------+-------------------------------------------
     0 | D:1      | H0rd4k the Human Artificer began the quest for the Orb.
     0 | D:1      | Reached XP level 1. HP: 15/15 MP: 1/1
   160 | D:1      | Reached XP level 2. HP: 21/21 MP: 2/2
   352 | D:1      | Found a faded altar of an unknown god.
   703 | D:1      | Reached XP level 3. HP: 22/26 MP: 3/3
  1378 | D:2      | Reached skill level 1 in Maces & Flails
  1641 | D:2      | Reached XP level 4. HP: 16/32 MP: 4/4
  2207 | D:2      | Noticed Jessica
  2627 | D:2      | Found Ykysag's General Store.
  2630 | D:2      | Reached XP level 5. HP: 37/37 MP: 5/5
  2978 | D:3      | Found a white marble altar of Elyvilon.
  3003 | D:3      | Reached skill level 2 in Dodging
  3036 | D:3      | Noticed Robin
  3096 | D:3      | Killed Robin
  3125 | D:3      | Found a glowing drain.
  3157 | Sewer    | Entered a sewer
  4071 | Sewer    | Reached XP level 6. HP: 43/44 MP: 6/6
  4922 | D:3      | Noticed Terence
  4959 | D:4      | Noticed Blork the orc
  4977 | D:3      | Killed Terence
  5065 | D:4      | HP: 2/46 [water moccasin skeleton (5)]
  5068 | D:4      | Reached skill level 3 in Dodging
  5068 | D:4      | Reached XP level 7. HP: 2/51 MP: 7/7
  5401 | D:4      | Noticed a steam dragon
  5697 | D:4      | Noticed Edmund
  5733 | D:4      | Your ally Edmund died
  5953 | D:5      | Entered Level 5 of the Dungeon
  6250 | D:5      | Reached skill level 4 in Dodging
  6250 | D:5      | Reached XP level 8. HP: 54/58 MP: 8/8
  6552 | D:5      | Noticed a shadow
  6583 | D:5      | Noticed Menkaure
  6588 | D:5      | Killed Menkaure
  6589 | D:5      | Reached skill level 5 in Dodging
  6589 | D:5      | Reached skill level 5 in Evocations
  6616 | D:5      | Killed a shadow
  7075 | D:5      | Reached skill level 5 in Fighting
  7075 | D:5      | Reached XP level 9. HP: 60/68 MP: 9/9
  7620 | D:5      | Found an iron altar of Okawaru.
  7664 | D:5      | Noticed a +0 falchion
  7665 | D:5      | Noticed a +0 spear
  7666 | D:5      | Noticed a +0 dagger
  7666 | D:5      | Noticed a +0 short sword
  7666 | D:5      | Noticed a +0 falchion
  7667 | D:5      | Noticed a +0 spear
  7667 | D:5      | Noticed a +0 dagger
  7667 | D:5      | Noticed a +0 short sword
  7783 | D:5      | Found a hide-covered altar of Uskayaw.
  8059 | D:6      | Reached skill level 6 in Dodging
  8999 | D:6      | Found Weav Was's Self-Improvement Boutique.
  9024 | D:6      | Found a sparkling altar of Nemelex Xobeh.
  9374 | D:6      | Identified the +1 whip "H0rd4k's Regret" {venom, Str+4}
  9554 | D:7      | Noticed Pikel
  9574 | D:7      | Killed Pikel
  9575 | D:7      | Reached skill level 7 in Dodging
  9587 | D:7      | Reached XP level 10. HP: 70/79 MP: 10/10
  9829 | D:7      | Noticed a manticore
  9834 | D:7      | Killed a manticore
  9954 | D:7      | Found a sacrificial altar of Ru.
  9954 | D:7      | Found a hazy altar of Hepliaklqana.
 10892 | D:4      | Found Hafroc's Elemental Accessories.
 11229 | D:3      | Killed Blork the orc
 11581 | D:2      | Killed Jessica
 11722 | D:4      | Found a staircase to the Ecumenical Temple.
 11747 | Temple   | Entered the Ecumenical Temple
 11822 | Temple   | Became a worshipper of Gozag Ym Sagoz the Greedy
 11945 | D:4      | Reached skill level 8 in Dodging
 12401 | D:4      | Found a burning altar of Makhleb.
 12971 | D:8      | Noticed a two-headed ogre
 12986 | D:8      | Killed a two-headed ogre
 12987 | D:8      | Reached skill level 1 in Spellcasting
 13147 | D:8      | Noticed a cyclops
 13159 | D:8      | Killed a cyclops
 13348 | D:8      | Noticed a two-headed ogre
 13363 | D:8      | Killed a two-headed ogre
 13364 | D:8      | Reached XP level 11. HP: 85/90 MP: 12/14
 13438 | D:8      | Noticed Psyche
 13534 | D:8      | Found an ancient bone altar of Kikubaaqudgha.
 13659 | D:8      | Found a glowing silver altar of Zin.
 13680 | D:8      | Found a shadowy altar of Dithmenos.
 13855 | D:9      | Noticed a two-headed ogre
 13867 | D:9      | Killed a two-headed ogre
 13868 | D:9      | Reached skill level 9 in Dodging
 14045 | D:9      | Noticed an eight-headed hydra
 14056 | D:9      | Killed an eight-headed hydra
 14057 | D:9      | Reached skill level 10 in Fighting
 14316 | D:9      | Found a snail-covered altar of Cheibriados.
 16587 | D:10     | Entered Level 10 of the Dungeon
 16669 | D:10     | Found a staircase to the Orcish Mines.
 16747 | D:10     | Noticed a two-headed ogre
 17068 | D:10     | Killed a two-headed ogre
 17069 | D:10     | Reached skill level 10 in Dodging
 17228 | D:10     | Noticed a two-headed ogre
 17239 | D:10     | Killed a two-headed ogre
 17324 | D:10     | Noticed a death knight
 17628 | D:10     | Noticed Maggie
 17646 | D:10     | Killed Maggie
 17647 | D:10     | Reached XP level 12. HP: 55/98 MP: 18/18
 18660 | D:10     | Reached skill level 5 in Spellcasting
 19154 | D:10     | Reached skill level 11 in Dodging
 19446 | D:10     | Paralysed by a hornet for 1 turns
 19497 | D:10     | Found a staircase to the Lair.
 20304 | Lair:1   | Entered Level 1 of the Lair of Beasts
 20514 | Lair:1   | Noticed a four-headed hydra
 20532 | Lair:1   | Killed a four-headed hydra
 20553 | Lair:1   | Reached skill level 12 in Dodging
 20667 | Lair:1   | Found a dark tunnel.
 20676 | Volcano  | Entered a volcano
 20995 | Volcano  | Noticed a two-headed ogre
 21009 | Volcano  | Killed a two-headed ogre
 21407 | Volcano  | Noticed a two-headed ogre
 21407 | Volcano  | Noticed a hell hog
 21408 | Volcano  | Noticed a hell hog
 21408 | Volcano  | Noticed a two-headed ogre
 21408 | Volcano  | Noticed a hell hog
 21415 | Volcano  | Killed a two-headed ogre
 21415 | Volcano  | Killed a hell hog
 21415 | Volcano  | Killed a hell hog
 21415 | Volcano  | Killed a hell hog
 21416 | Volcano  | Reached skill level 10 in Evocations
 21416 | Volcano  | Reached XP level 13. HP: 104/104 MP: 22/22
 22666 | D:2      | Bought a scroll of identify for 26 gold pieces
 22666 | D:2      | Bought a potion of heal wounds for 65 gold pieces
 22865 | D:6      | Bought a manual of Maces & Flails for 1040 gold pieces
 23092 | Lair:2   | HP: 5/104 [poisoned by a black mamba]
 23504 | Lair:2   | Noticed Sonja
 23557 | Lair:2   | Reached skill level 5 in Maces & Flails
 24175 | Lair:2   | Identified a scroll of acquirement
 24176 | Lair:2   | Acquired 909 gold pieces
 24305 | Lair:2   | Noticed a catoblepas
 24775 | Lair:2   | Reached skill level 13 in Dodging
 28413 | Lair:4   | Found a staircase to the Snake Pit.
 28483 | Lair:4   | Reached XP level 14. HP: 78/113 MP: 25/25
 29053 | Lair:6   | Entered Level 6 of the Lair of Beasts
 29087 | Lair:6   | Reached skill level 10 in Maces & Flails
 31009 | Lair:6   | HP: 5/113 [poisoned by a black mamba]
 31802 | Lair:6   | Found a large runed translucent door.
 32136 | Lair:6   | Found a large runed translucent door.
 32612 | Lair:6   | Found a viscous altar of Jiyva.
 32613 | Lair:6   | Found a staircase to the Slime Pits.
 33638 | Lair:6   | Reached skill level 14 in Dodging
 34128 | Lair:6   | Identified the +6 flail "Oreff" {flame, Str+3}
 35475 | Lair:3   | Found a staircase to the Swamp.
 35777 | Lair:3   | Reached XP level 15. HP: 121/121 MP: 27/27
 36279 | D:10     | Bought the ring of Cozxe {rPois rF+ Int+6} for 920 gold
                  | pieces
 36305 | D:10     | Bought the +3 Mad Mage's Maulers {Infuse+∞ RegenMP Int-3}
                  | for 720 gold pieces
 36305 | D:10     | Found the +3 Mad Mage's Maulers {Infuse+∞ RegenMP Int-3}
 36327 | D:10     | Learned a level 3 spell: Spider Form
 36331 | D:10     | Learned a level 3 spell: Gell's Gravitas
 36411 | Orc:1    | Entered Level 1 of the Orcish Mines
 36411 | Orc:1    | Noticed Fannar
 36417 | Orc:1    | Killed Fannar
 36674 | Orc:1    | Noticed Snorg
 36711 | Orc:1    | Killed Snorg
 36986 | Orc:1    | Reached skill level 1 in Transmutations
 37312 | Orc:2    | Entered Level 2 of the Orcish Mines
 37322 | Orc:1    | Reached skill level 1 in Translocations
 37519 | Orc:1    | Noticed Gastronok
 37528 | Orc:1    | Killed Gastronok
 37662 | Orc:1    | Found Ypusaom's Antique Armour Boutique.
 37697 | Orc:1    | Bought a faintly glowing cloak for 171 gold pieces
 37697 | Orc:1    | Identified the +0 cloak of Onwuach {rF+} (You bought it in
                  | a shop on level 1 of the Orcish Mines)
 38304 | Orc:1    | Learned a level 3 spell: Teleport Other
 39133 | Orc:2    | Found Enystoni's Magic Scroll Boutique.
 39133 | Orc:2    | Found Zupsol Pyu's General Store.
 39133 | Orc:2    | Found Jiff's General Store.
 39245 | Orc:2    | Found a staircase to the Elven Halls.
 39718 | Orc:2    | Found Gusefif's Antique Weapon Shop.
 40608 | Orc:2    | Learned a level 6 spell: Statue Form
 40615 | Orc:2    | Bought an ichor-stained spear for 288 gold pieces
 40615 | Orc:2    | Identified the +7 spear of Gocliempu {flame, rN+ Int-3
                  | SInv} (You bought it in a shop on level 2 of the Orcish
                  | Mines)
 40615 | Orc:2    | Bought a glimmering short sword for 288 gold pieces
 40615 | Orc:2    | Identified the +10 short sword of the Vase {venom, Contam
                  | Will+ rCorr} (You bought it in a shop on level 2 of the
                  | Orcish Mines)
 40615 | Orc:2    | Bought an ichor-stained trident for 306 gold pieces
 40615 | Orc:2    | Identified the +4 trident of Meager Trial by Ordeal {spect,
                  | Str+3} (You bought it in a shop on level 2 of the Orcish
                  | Mines)
 40818 | D:8      | Killed Psyche
 41051 | Lair:2   | Killed Sonja
 41211 | Lair:2   | Got the Volume of Harmful Hexes
 41265 | Lair:2   | Reached skill level 1 in Earth Magic
 42121 | Swamp:1  | Entered Level 1 of the Swamp
 43488 | Swamp:1  | Got Sif Muna's Volume of Creation and the Traveller
 44472 | Swamp:2  | Reached XP level 16. HP: 42/129 MP: 0/29
 46116 | Swamp:3  | Noticed Mara
 46133 | Swamp:3  | Noticed H0rd4k's illusion
 46134 | Swamp:3  | Killed Mara
 46387 | Swamp:3  | HP: 3/130 [eleionoma/spray of wooden splinters (20)]
 47319 | Swamp:3  | Found the +0 pair of fencer's gloves {Riposte Dex+3}
 48044 | Swamp:3  | Reached skill level 10 in Spellcasting
 48105 | Swamp:3  | Noticed Nikola
 48127 | Swamp:3  | Killed Nikola
 48680 | Swamp:4  | Entered Level 4 of the Swamp
 49153 | Swamp:4  | Reached skill level 5 in Transmutations
 49591 | Swamp:4  | Reached skill level 15 in Dodging
 51428 | Swamp:4  | HP: 2/132 [alligator (14)]
 51428 | Swamp:4  | Killed from afar by a bog body

Illustrated notes

Levels and vault maps discovered:
D:1:      psy_arrival_spokes, layout_loops_ring,
          hellmonk_ecumenical_altar_zigzags
D:2:      layout_rooms, serial_shops, shop, uniq_jessica
D:3:      layout_loops_corners, nicolae_elyvilon_peaceful_grove,
          portal_sewer_entry_d, minmay_tree_intersection, lemuel_flame_loot_1,
          uniq_terence, uniq_robin
D:4:      layout_gridville, makhleb_heckhound_becter, minmay_temple_entry_glass,
          nicolae_elemental_shop, uniq_edmund, uniq_blork_the_orc
D:5:      layout_layer_cave, lemuel_coloured_pillars_altar,
          nicolae_uskayaw_en_pointe, uniq_menkaure
D:6:      layout_loops_corners, mainiacjoe_overflow_chevrons,
          nicolae_shop_self_help
D:7:      layout_layer_cave, chequers_temple_overflow_statue_of_worship,
          uniq_pikel
D:8:      layout_basic, grunt_dithmenos_smoke, mainiacjoe_overflow_alcove_4,
          zin_scriptorium, chequers_jeans, minmay_misc_feat_ornament,
          chequers_serial_rivers_small_a, uniq_psyche
D:9:      layout_basic, mainiacjoe_overflow_24_doors, serial_corexii_hall,
          corexii_hall_statues_s, corexii_hall_statues_x,
          kennysheep_another_room
D:10:     layout_stronghold, minmay_lair_entry_grove, erik_orc_3,
          minmay_shattered_shrine, uniq_maggie
Temple:   minmay_temple_curvy_loop
Lair:1:   layout_regular_city, nicolae_volcano_entry_batcave,
          chequers_serial_rivers_micro_d, fungi_pond_lemuel,
          hangedman_lair_generics_rect
Lair:2:   nzn_winding_woodlands_large [nzn_winding_woodlands_5x5_closed_star,
          nzn_winding_woodlands_5x15_sawtooth,
          nzn_winding_woodlands_5x5_default,
          nzn_winding_woodlands_center_triple_pond,
          nzn_winding_woodlands_15x15_killbox,
          nzn_winding_woodlands_center_diamonds,
          nzn_winding_woodlands_5x5_default,
          nzn_winding_woodlands_5x15_lazy_stream,
          nzn_winding_woodlands_5x5_default], layout_chaotic_city,
          chequers_serial_rivers_large_a, infiniplex_staircase_pool_2,
          lemuel_fruit_tree, uniq_sonja
Lair:3:   layout_regular_city, skrybe_swamp_entry_bodies, serial_bayou_shore_b
Lair:4:   layout_small_grid, dummy_snake_entry, beast_lair_carwin_9
Lair:5:   layout_gridlike, lookout_lair_type, grunt_megastairs_1
Lair:6:   cheibrodos_lair_end_hotspot, layout_long_grid, slime_altar_1,
          serial_bayou_shore_b
Swamp:1:  layout_basic_swamp, evilmike_swamp_ruin_house_2
Swamp:2:  layout_falls_marsh, evilmike_swamp_ruin_house_6, swamp_pool1,
          infiniplex_staircase_pool
Swamp:3:  layout_basic_swamp, evilmike_swamp_ruin_house_1, swamp_pool1,
          worms_lemuel, uniq_mara, uniq_nikola
Swamp:4:  swamp_basic_johnstein, layout_basic_swamp, swamp_pool4,
          nzn_swamp_blast_mining
Orc:1:    layout_caves, basic_altar, serial_shops, nicolae_shop_trees,
          nooodl_orcs_dogs, uniq_gastronok, uniq_fannar, uniq_snorg
Orc:2:    st_orc_mages, layout_caves

Skill      XL: |  1  2  3  4  5  6  7  8  9 10 11 12 13 14 15 16 |
---------------+-------------------------------------------------+-----
Maces & Flails | 1 2 3 4 9 12 14 | 14.8
Evocations     | 4 5 6 7 8 10 11 | 11.5
Dodging        | 2 3 4 5 7 8 10 12 13 14 15 | 15.2
Fighting       | 2 3 5 7 9 10 11 12 13 | 13.7
Spellcasting   | 2 4 6 7 8 9 10 | 10.3
Transmutations | 3 5 |  5.6
Translocations | 2 3 |  3.0
Earth Magic    | 2 4 |  4.8
Armour         | |  2.0
Stealth        | |  1.0

Action                   |  1- 3 |  4- 6 |  7- 9 | 10-12 | 13-15 | 16-18 || total
-------------------------+-------+-------+-------+-------+-------+-------++-------
Melee: Club              |   112 |    95 |       |       |       |       ||   207
       Punch             |       |     4 |       |     7 |    49 |    11 ||    71
       Mace              |       |   170 |    11 |       |       |       ||   181
       Dire flail        |       |       |   185 |       |       |       ||   185
       Whip              |       |       |    15 |   715 |  1085 |       ||  1815
       Flail             |       |       |       |       |   486 |   357 ||   843
 Cast: Gell's Gravitas   |       |       |       |       |     2 |       ||     2
Invok: Call Merchant     |       |       |       |       |     2 |       ||     2
Evoke: Wand              |     5 |    15 |    17 |    71 |    40 |    22 ||   170
       Phial of floods   |       |       |       |     1 |     1 |       ||     2
       Box of beasts     |       |       |       |       |       |     2 ||     2
       Condenser vane    |       |       |       |       |       |     1 ||     1
  Use: Scroll            |       |       |       |    16 |    15 |     3 ||    34
       Potion            |       |       |       |     3 |     6 |     2 ||    11
 Stab: Sleeping          |     1 |       |       |     1 |     5 |       ||     7
       Paralysed         |       |       |       |    67 |    24 |       ||    91
       Distracted        |       |       |       |     1 |     4 |       ||     5
Armor: Leather armour    |    40 |    91 |    54 |   143 |   340 |   122 ||   790
Dodge: Dodged            |    80 |   233 |   140 |   495 |  1037 |   277 ||  2262
